 Dungeon Crawl Stone Soup version 0.31.0 (webtiles) character file.

Game seed: 11592751882924703742

27163 groovy9 the Cleaver (level 13, -15/90 HPs)
             Began as a Gargoyle Berserker on Jan 20, 2024.
             Was a Follower of Trog.
             Collided with a stone wall (22 damage)
             ... after being knocked back by a wretched star
             ... on level 1 of the Abyss.
             The game lasted 00:48:44 (14156 turns).

groovy9 the Cleaver (Gargoyle Berserker)           Turns: 14156, Time: 00:48:45

Health: -15/90     AC: 28    Str: 20      XL:     13   Next: 30%
Magic:  9/9        EV:  6    Int:  6      God:    Trog [*.....]
Gold:   445        SH: 12    Dex: 14 (15) Spells: 12/12 levels left

rFire   x . .        A - +0 war axe (elec)
rCold   + . .        L - +2 kite shield
rNeg    + . .        a - +0 plate armour
rPois   ∞            P - +0 hat {SInv}
rElec   +            j - +0 cloak
rCorr   .            O - +0 pair of gloves
SInv    +            (no boots)
Will    +....        (no amulet) Stlth
                     w - ring of Juczekie {rPois rF- rC+ Will+}
HPRegen 0.00/turn    b - +6 ring of dexterity
MPRegen 0.11/turn

%: no passive effects
@: berserking, inhibited regen, very quick
A: sickness immunity, AC +9, negative energy resistance 1, electricity
resistance, torment resistance 1, petrification resistance, [deterioration 1],
[dopey 2], [frail 3], [low MP 3], [screaming 2], [inhibited regeneration], [weak
2], [subdued magic 2]
a: Renounce Religion, Berserk


You were on level 1 of the Abyss.
You worshipped Trog.
Trog was aware of your devotion.
You visited 3 branches of the dungeon, and saw 12 of its levels.
You visited the Abyss 1 time.

You collected 583 gold pieces.
You spent 138 gold pieces at shops.

Inventory:

Hand Weapons
 y - a +3 battleaxe
 A - a +0 war axe of electrocution (weapon)
 B - a +1 heavy battleaxe
 M - a +0 flail
Missiles
 J - 2 throwing nets (quivered)
Armour
 a - a +0 plate armour (worn)
 j - a +0 cloak (worn)
 L - a +2 kite shield (worn)
 O - a +0 pair of gloves (worn)
 P - a +0 hat of see invisible (worn)
Jewellery
 b - a +6 ring of dexterity (right hand)
 w - the ring of Juczekie (left hand) {rPois rF- rC+ Will+}
   (You found it on level 4 of the Dungeon)

   [ring of willpower]

   rF-:       It makes you vulnerable to fire.
   rC+:       It protects you from cold.
   rPois:     It protects you from poison Will+: It increases your willpower.
Wands
 k - a wand of flame (49)
 r - a wand of iceblast (6)
 s - a wand of charming (14)
 t - a wand of polymorph (6)
 u - a wand of acid (8)
 K - a wand of mindburst (7)
Scrolls
 d - 6 scrolls of teleportation
 f - a scroll of fear
 m - a scroll of brand weapon
 n - 2 scrolls of vulnerability
 q - 3 scrolls of blinking
 x - 2 scrolls of revelation
 D - a scroll of poison
 E - 2 scrolls of enchant armour
 F - 2 scrolls of enchant weapon
 G - a scroll of torment {unknown}
 H - a scroll of summoning
 I - a scroll of noise {unknown}
 N - a scroll of silence {unknown}
Potions
 c - 4 potions of curing
 e - 2 potions of attraction
 g - 2 potions of invisibility
 h - 2 potions of enlightenment
 i - 4 potions of mutation
 l - 2 potions of heal wounds
 o - 2 potions of resistance
 p - a potion of ambrosia
 v - 2 potions of lignification
 z - 2 potions of haste
 C - a potion of brilliance


   Skills:
 + Level 12.2 Fighting
 * Level 14.1 Axes
 + Level 12.0 Armour
 - Level 1.5 Dodging
 + Level 6.8 Shields


You had 12 spell levels left.
You didn't know any spells.
Your spell library was empty.

Dungeon Overview and Level Annotations

Branches:
Dungeon (10/15)            Temple (1/1) D:4            Lair (1/5) D:10
    Orc: D:9-12

Altars:
Ashenzari
Cheibriados
Dithmenos
Fedhas
Gozag
Hepliaklqana
Kikubaaqudgha
Makhleb
Nemelex Xobeh
Okawaru
Qazlal
Ru
Sif Muna
Trog
Uskayaw
Vehumet
Wu Jian
Xom
Yredelemnul
Zin
The Shining One

Shops:
D:4 [?=   D:5 ?   D:6 [   D:10 (

Annotations:
Lair:1 3 runed translucent doors, exclusion: oklob plant, Sonja; groovy9's ghost, journeyman GrBe


Innate Abilities, Weirdness & Mutations

You are immune to sickness and miasma.
Your stone body is resilient. (AC +9)
You are immune to poison.
You resist negative energy. (rN+)
You are resistant to electric shocks. (rElec)
You are resistant to unholy torment.
You are immune to petrification.
[Your body sometimes deteriorates upon taking damage.]
[You are very dopey. (Int -4)]
[You are extremely frail. (-30% HP)]
[Your magical capacity is extremely low. (-30% MP)]
[You frequently scream uncontrollably at your foes.]
[You do not regenerate when monsters are visible.]
[You are very weak. (Str -4)]
[Your spells are easier to cast, but less powerful.]


Message History

The shadow dragon zombie is moderately damaged.
You block the shadow dragon zombie's attack.
The shadow dragon zombie claws you!
You block the shadow dragon zombie's attack.
You hit the shadow dragon zombie but do no damage.
Lightning courses through the shadow dragon zombie!
The shadow dragon zombie is heavily damaged.
The wretched star glows turbulently.
The lance of force hits you!!
You are knocked back by the lance of force.
You collide with the shadow dragon zombie!
The shadow dragon zombie is severely damaged.
You hit the shadow dragon zombie but do no damage.
Lightning courses through the shadow dragon zombie!
The shadow dragon zombie is severely damaged.
The shadow dragon zombie closely misses you.
The shadow dragon zombie claws you but does no damage. x2
You slice the shadow dragon zombie!!
The shadow dragon zombie is almost destroyed.
You hit the shadow dragon zombie but do no damage.
The shadow dragon zombie is almost destroyed.
You block the shadow dragon zombie's attack.
The shadow dragon zombie claws you but does no damage.
The shadow dragon zombie closely misses you.
You slice the shadow dragon zombie!!
Lightning courses through the shadow dragon zombie!
You feel the power of Trog in you as your rage grows.
You destroy the shadow dragon zombie!
Trog accepts your kill.
You hit the wretched star.
Your Armour skill increases to level 12!
You slash the wretched star!
The wretched star is moderately damaged.
The substance of the Abyss twists violently, and a gateway leading out appears!
The wretched star glows turbulently.
The lance of force hits you!!
* * * LOW HITPOINT WARNING * * *
You are knocked back by the lance of force.
You slam into the stone wall!
You die...

.. . #.#.
#...# ##...#
...#.####
.....###.#
.#......##
##.....§.# #
#. ##.*@## .
#
########.§###
. . #.#
##.#.. ###
..####.# . .
. .# .#.
.##..##...#
#.. . ##..
###..#. # ..#
## #. #
#........ . #
## # .##..##
..


You could see a wretched star.

Vanquished Creatures
  A lich (Abyss:1)
  Gastronok (Lair:1)
  A deep elf demonologist (Abyss:1)
  Snorg (D:9)
  A blizzard demon (Abyss:1)
  Josephine (D:10)
  Harold (Lair:1)
  A hydra (D:10)
  2 two-headed ogres
  A titan zombie (Abyss:1)
  Nergalle (D:10)
  2 wretched stars (Abyss:1)
  The ghost of Daunt the Fighter, a novice MiWn of Jiyva (D:7)
  A bunyip zombie (Abyss:1)
  A large abomination (Abyss:1)
  The ghost of TheBioAlchemist the Chopper, a novice MiFi (D:8)
  Pikel (D:8)
  A shadow dragon zombie (Abyss:1)
  A necromancer (Abyss:1)
  An oklob plant (D:10)
  A draconian zombie (Abyss:1)
  Maurice (D:7)
  A black mamba (Lair:1)
  3 cane toads (Lair:1)
  A smoke demon (Abyss:1)
  An unseen horror (D:10)
  Maggie (D:8)
  Jeremiah (D:7)
  A komodo dragon (Lair:1)
  A troll (D:10)
  5 blink frogs (Lair:1)
  An ettin skeleton (Abyss:1)
  Sigmund (D:4)
  20 yaks
  5 wraiths
  A basilisk (Lair:1)
  3 golden eyes (Abyss:1)
  2 steam dragons (D:8)
  Menkaure (D:5)
  A chaos spawn (Abyss:1)
  2 orc warriors
  7 water moccasins
  2 black bears (D:6)
  3 centaurs
  3 phantoms
  2 kobold brigands
  2 lemures (D:8)
  2 bullfrogs
  A brain worm (Abyss:1)
  4 gnoll sergeants
  A scorpion (D:4)
  8 wights
  12 killer bees (D:9)
  An electric eel (D:7)
  8 howler monkeys
  3 bombardier beetles
  A crimson imp (D:6)
  2 quasits (D:7)
  3 hounds
  2 jellies
  Crazy Yiuf (D:2)
  3 orc priests
  A gnoll bouda (D:8)
  2 iguanas
  3 sleepcaps
  5 orc wizards
  Ijyb (D:3)
  Terence (D:2)
  A mummy (D:4)
  15 gnolls
  9 adders
  3 ufetubi
  2 ribbon worms
  30 orcs
  13 ball pythons
  6 endoplasms
  4 giant cockroaches
  7 goblins
  12 hobgoblins
  5 quokkas
  9 bats
  4 frilled lizards
  A hobgoblin zombie (D:4)
  14 kobolds
  2 kobold zombies (D:4)
  An orc zombie (D:4)
  10 rats
308 creatures vanquished.

Vanquished Creatures (others)
  A raiju (Abyss:1)
  A small abomination (Abyss:1)
2 creatures vanquished.

Grand Total: 310 creatures vanquished

Notes
Turn   | Place    | Note
-------+----------+-------------------------------------------
     0 | D:1      | groovy9 the Gargoyle Berserker began the quest for the Orb.
     0 | D:1      | Reached XP level 1. HP: 14/14 MP: 1/1
    83 | D:1      | Reached XP level 2. HP: 19/19 MP: 2/2
    92 | D:1      | Reached skill level 3 in Axes
   710 | D:1      | Reached XP level 3. HP: 20/23 MP: 3/3
  1054 | D:2      | Noticed Terence
  1073 | D:2      | Killed Terence
  1177 | D:2      | Reached ** piety under Trog
  1178 | D:2      | Reached XP level 4. HP: 29/29 MP: 4/4
  1241 | D:2      | Found a runed translucent door.
  1242 | D:2      | Noticed Crazy Yiuf
  1942 | D:2      | Killed Crazy Yiuf
  1943 | D:2      | Reached skill level 4 in Axes
  2071 | D:3      | Reached XP level 5. HP: 33/33 MP: 5/5
  2381 | D:3      | Noticed Ijyb
  2394 | D:3      | Killed Ijyb
  2650 | D:3      | Reached XP level 6. HP: 38/39 MP: 6/6
  3035 | D:4      | Found Waclag's Magic Scroll Shoppe.
  3048 | D:4      | Bought a scroll of identify for 26 gold pieces
  3221 | D:4      | Found a staircase to the Ecumenical Temple.
  3223 | D:4      | Noticed Sigmund
  3247 | D:4      | Killed Sigmund
  3248 | D:4      | Reached skill level 5 in Axes
  3315 | D:4      | Reached skill level 5 in Fighting
  3315 | D:4      | Reached XP level 7. HP: 44/44 MP: 7/7
  3787 | D:4      | Identified the ring of Juczekie {rPois rF- rC+ Will+}
  3866 | D:4      | Found Ogo Oril's Armour Boutique.
  3958 | D:4      | Found Qovayshec's Jewellery Emporium.
  4288 | Temple   | Entered the Ecumenical Temple
  4310 | D:5      | Entered Level 5 of the Dungeon
  4385 | D:5      | Reached skill level 6 in Axes
  4415 | D:5      | Reached *** piety under Trog
  4416 | D:5      | Reached skill level 5 in Armour
  4500 | D:5      | Reached XP level 8. HP: 51/51 MP: 8/8
  4744 | D:5      | Found an opulent altar of Gozag.
  4750 | D:5      | Found a snail-covered altar of Cheibriados.
  4751 | D:5      | Found a stormy altar of Qazlal.
  4751 | D:5      | Found an iron altar of Okawaru.
  4751 | D:5      | Found a shadowy altar of Dithmenos.
  4752 | D:5      | Found a hazy altar of Hepliaklqana.
  4753 | D:5      | Found a sparkling altar of Nemelex Xobeh.
  4754 | D:5      | Found a glowing silver altar of Zin.
  4755 | D:5      | Found a broken altar of Ashenzari.
  4821 | D:5      | Noticed Menkaure
  4835 | D:5      | Killed Menkaure
  4877 | D:5      | Found Qiygal's Magic Scroll Emporium.
  4885 | D:5      | Bought a scroll of identify for 28 gold pieces
  4885 | D:5      | Bought a scroll of identify for 28 gold pieces
  4885 | D:5      | Bought a scroll of identify for 28 gold pieces
  4885 | D:5      | Bought a scroll of identify for 28 gold pieces
  5357 | D:6      | Noticed a yak
  5358 | D:6      | Noticed a yak
  5358 | D:6      | Noticed a yak
  5373 | D:6      | Killed a yak
  5374 | D:6      | Reached skill level 7 in Axes
  5378 | D:6      | Killed a yak
  5383 | D:6      | Killed a yak
  5458 | D:6      | Reached XP level 9. HP: 52/56 MP: 9/9
  5473 | D:6      | Found Zoagyny's Armour Shoppe.
  5503 | D:6      | Paralysed by a crimson imp for 1 turns
  5805 | D:6      | Reached skill level 8 in Axes
  5832 | D:6      | Found a shimmering altar of Xom.
  5832 | D:6      | Found a burning altar of Makhleb.
  5863 | D:6      | Found a radiant altar of Vehumet.
  6338 | D:7      | Noticed Maurice
  6355 | D:7      | Something stole 108 gold
  6416 | D:7      | Killed Maurice
  6444 | D:7      | Noticed Jeremiah
  6482 | D:7      | Killed Jeremiah
  6483 | D:7      | Reached skill level 9 in Axes
  6654 | D:7      | Found a transporter.
  6657 | D:7      | Noticed Daunt's ghost (novice MiWn)
  6785 | D:7      | Found a transporter.
  6810 | D:7      | Reached XP level 10. HP: 51/64 MP: 10/10
  7449 | D:7      | Killed Daunt's ghost
  7531 | D:7      | Reached skill level 10 in Axes
  8729 | D:8      | Noticed Maggie
  8784 | D:8      | Killed Maggie
  8960 | D:8      | Noticed Pikel
  8969 | D:8      | Killed Pikel
  9164 | D:8      | Found a runed translucent gate.
  9164 | D:8      | Found a runed translucent gate.
  9164 | D:8      | Found a runed translucent gate.
  9165 | D:8      | Noticed TheBioAlchemist's ghost (novice MiFi)
  9318 | D:8      | Killed TheBioAlchemist's ghost
  9319 | D:8      | Reached skill level 11 in Axes
  9319 | D:8      | Reached XP level 11. HP: 64/71 MP: 11/11
  9778 | D:9      | Found a sacrificial altar of Ru.
  9896 | D:9      | Noticed a two-headed ogre
 10012 | D:9      | Reached skill level 10 in Fighting
 10378 | D:9      | Killed a two-headed ogre
 10519 | D:10     | Entered Level 10 of the Dungeon
 10575 | D:10     | Noticed a two-headed ogre
 10605 | D:10     | Killed a two-headed ogre
 10606 | D:10     | Reached skill level 10 in Armour
 10606 | D:10     | Reached skill level 1 in Shields
 10614 | D:10     | Reached skill level 12 in Axes
 10697 | D:10     | Noticed Nergalle
 10711 | D:10     | Killed Nergalle
 10773 | D:10     | Found a staircase to the Lair.
 10796 | D:10     | Found a faded altar of an unknown god.
 10817 | D:10     | Noticed an oklob plant
 10960 | D:10     | Noticed Snorg
 10960 | D:10     | Noticed a six-headed hydra
 10983 | D:9      | Killed Snorg
 11193 | D:10     | Killed a six-headed hydra
 11324 | D:10     | Noticed Josephine
 11333 | D:10     | Reached XP level 12. HP: 79/79 MP: 12/12
 11335 | D:10     | Killed Josephine
 11446 | D:10     | Found Reseub's Weapon Emporium.
 11723 | Lair:1   | Entered Level 1 of the Lair of Beasts
 11779 | Lair:1   | Found a runed translucent gate.
 11780 | Lair:1   | Found a runed translucent gate.
 11796 | Lair:1   | Noticed Gastronok
 11824 | Lair:1   | Killed Gastronok
 11923 | Lair:1   | Reached skill level 13 in Axes
 11964 | Lair:1   | Noticed Harold
 11982 | Lair:1   | Killed Harold
 11983 | Lair:1   | Reached skill level 5 in Shields
 12579 | Lair:1   | Found a runed translucent gate.
 12581 | Lair:1   | Noticed groovy9's ghost (journeyman GrBe)
 12713 | Lair:1   | Noticed Sonja
 12718 | Abyss:1  | Cast into level 1 of the Abyss (Sonja)
 13047 | Abyss:1  | Reached XP level 13. HP: 85/85 MP: 13/13
 13166 | Abyss:1  | Noticed a lich
 13202 | Abyss:1  | Killed a lich
 13210 | Abyss:1  | Noticed a blizzard demon
 13226 | Abyss:1  | Killed a blizzard demon
 13227 | Abyss:1  | Reached skill level 14 in Axes
 13277 | Abyss:1  | HP: 6/129 [wretched star/lance of force (5)]
 14004 | Abyss:1  | Noticed a deep elf demonologist
 14010 | Abyss:1  | Killed a deep elf demonologist
 14156 | Abyss:1  | Collided with a stone wall

Illustrated notes

Levels and vault maps discovered:
D:1:      co_arrival_square_in_a_square_in_a_square, layout_basic,
          roderic_serpentine_path
D:2:      layout_loops_cross, kennysheep_generic_room_8, uniq_terence,
          uniq_crazy_yiuf_cottage
D:3:      layout_basic, minmay_pentangle, uniq_ijyb
D:4:      layout_loops_corners, minmay_temple_entry_water_ring, serial_shops,
          nicolae_shop_back_alley_shop, kennysheep_little_box,
          nicolae_stop_n_shop_1, minmay_mini_ossuary, uniq_sigmund
D:5:      layout_basic, minitemple, serial_shops, shop, uniq_menkaure
D:6:      nicolae_BIG_FREAKIN_CUBE, layout_basic,
          grunt_temple_overflow_champion_of_chaos,
          nicolae_overflow_crystal_walls, serial_shops, shop,
          hangedman_abyss_or_decor_jellyfish_corner, grunt_decor_cap
D:7:      layout_basic, gammafunk_ghost_stat_death, nicolae_water_bricks,
          nicolae_grassy_gnolls, uniq_maurice, uniq_jeremiah
D:8:      layout_cave_pools, gammafunk_ghost_spectres, uniq_maggie, uniq_pikel
D:9:      layout_long_grid, nicolae_overflow_hidden_temple, grunt_ministairs_14
D:10:     layout_irregular_city, dpeg_oklobed_lair, serial_shops,
          nicolae_take_the_stairs, serial_column_ruins, column_ruins_temple_hut,
          column_ruins_open_tiny, column_ruins_open_tiny, column_ruins_grid_1,
          column_ruins_grid_1, uniq_snorg, uniq_josephine, uniq_nergalle
Temple:   nicolae_temple_ecumenical_triangle
Lair:1:   layout_loops_ring, gammafunk_ghost_ooze, grunt_megastairs_5,
          lemuel_fruit_tree, uniq_gastronok, uniq_harold, uniq_sonja
Abyss:1:  base: D:2, minivault_11, hangedman_shadowy_showcase

Skill      XL: |  1  2  3  4  5  6  7  8  9 10 11 12 13 |
---------------+----------------------------------------+-----
Axes           | 3 4 5 6 7 9 11 12 13 14 | 14.1
Armour         | 3 4 5 6 7 9 10 11 12 | 12.0
Fighting       | 4 5 6 8 9 10 11 12 | 12.2
Shields        | 3 6 |  6.8
Dodging        | |  1.5

Action                     |  1- 3 |  4- 6 |  7- 9 | 10-12 | 13-15 || total
---------------------------+-------+-------+-------+-------+-------++-------
  Melee: Hand axe          |    74 |   161 |   133 |       |       ||   368
         Punch             |     1 |     2 |     4 |       |       ||     7
         War axe           |       |       |   159 |   301 |    86 ||   546
         Battleaxe         |       |       |    23 |   192 |       ||   215
         Flail             |       |       |       |     5 |       ||     5
  Throw: Throwing net      |       |       |       |     1 |       ||     1
 Invoke: Berserk           |     1 |     5 |    10 |    29 |     5 ||    50
         Trog's Hand       |       |     4 |     5 |    18 |     2 ||    29
    Use: Scroll            |       |    10 |     9 |     4 |     2 ||    25
         Potion            |       |       |     2 |     2 |     4 ||     8
 Armour: Animal skin       |    28 |       |       |       |       ||    28
         Chain mail        |    16 |   146 |    74 |       |       ||   236
         Plate armour      |       |       |   190 |   619 |    55 ||   864
  Dodge: Dodged            |    36 |    74 |   114 |   240 |     9 ||   473
  Block: Kite shield       |       |       |       |   121 |    22 ||   143
